 Dungeon Crawl Stone Soup version 0.21.1-1-g345015f (webtiles) character file.

948 inc the Infuser (level 7, -5/27 HPs)
             Began as a Felid Ice Elementalist on Mar 3, 2018.
             Was an Initiate of Vehumet.
             Slain by an orc knight
             ... wielding a +0 war axe
              (22 damage)
             ... in a bailey.
             The game lasted 00:19:18 (7194 turns).

inc the Infuser (Felid Ice Elementalist)            Turns: 7194, Time: 00:19:20

Health: -5/27      AC:  9    Str:  4    XL:     7   Next: 89%
Magic:  5/13       EV: 18    Int: 19    God:    Vehumet [......]
Gold:   199        SH:  0    Dex: 19    Spells: 2/12 levels left
                                        Lives:  0   Deaths: 2

rFire    . . .     SeeInvis +     - Unarmed
rCold    . . .     Gourm    .   (shield unavailable)
rNeg     . . .     Faith    .   (armour unavailable)
rPois    +         Spirit   .   (helmet unavailable)
rElec    .         Reflect  .   (cloak unavailable)
rCorr    .         Harm     .   (gloves unavailable)
MR       +....                  (boots unavailable)
Stlth    +++.......             (no amulet)
HPRegen  0.09/turn              r - ring of poison resistance
MPRegen  0.13/turn              k - +3 ring of dexterity

@: icy armour, quick
A: very small, no armour, no weapons or thrown items, stealth, claws 1, fangs 3,
see invisible, blink, carnivore, speed 1, shaggy fur 2, slow metabolism 1, wild
magic 1, sharp paws
a: Blink, Renounce Religion


You were in a bailey.
You worshipped Vehumet.
Vehumet was noncommittal.
You were not hungry.

You visited 2 branches of the dungeon, and saw 8 of its levels.
You also visited: Sewer and Bailey.

You collected 199 gold pieces.

Inventory:

Jewellery
 g - an uncursed ring of protection from cold
 k - a +3 ring of dexterity (right paw)
 r - a ring of poison resistance (left paw)
Wands
 l - a wand of flame (17)
 m - a wand of polymorph (8)
 n - a wand of paralysis (10)
 o - a wand of iceblast (16)
Scrolls
 d - 2 scrolls of teleportation {unknown}
 e - 2 scrolls of remove curse
 h - 3 scrolls of magic mapping {unknown}
 j - a scroll of identify {unknown}
 q - 3 scrolls of fog {unknown}
 s - a scroll of fear {unknown}
Potions
 c - 7 potions of curing
 f - 4 potions of flight
 p - a potion of agility {unknown}
Books
 a - a book of Frost

   Spells                             Type                      Level
   a - Freeze                         Ice                          1
   b - Throw Frost                    Conjuration/Ice              2
   c - Ozocubu's Armour               Charms/Ice                   3
   d - Throw Icicle                   Conjuration/Ice              4
   e - Summon Ice Beast               Ice/Summoning                4
 i - a book of Changes

   Spells                             Type                      Level
   a - Beastly Appendage              Transmutation                1
   b - Sticks to Snakes               Transmutation                2
   c - Spider Form                    Transmutation/Poison         3
   d - Ice Form                       Ice/Transmutation            4
   e - Blade Hands                    Transmutation                5


   Skills:
 - Level 2.6 Dodging
 - Level 2.6 Stealth
 - Level 3.7 Unarmed Combat
 - Level 3.4 Spellcasting
 - Level 0.8 Conjurations
 - Level 9.4 Charms
 + Level 3.0 Transmutations
 - Level 4.0 Ice Magic


You had 2 spell levels left.
You knew the following spells:

 Your Spells              Type           Power        Failure   Level  Hunger
a - Freeze                Ice            ###.         4%          1    None
b - Ozocubu's Armour      Chrm/Ice       #####...     4%          3    ###....
c - Ice Form              Ice/Tmut       ###.....     41%         4    ####...
d - Throw Frost           Conj/Ice       ###...       13%         2    ##.....


Dungeon Overview and Level Annotations

Branches:
Dungeon (7/15)             Temple (1/1) D:5

Altars:
Ashenzari
Cheibriados
Dithmenos
Elyvilon
Fedhas
Gozag
Hepliaklqana
Kikubaaqudgha
Makhleb
Nemelex Xobeh
Okawaru
Qazlal
Ru
Sif Muna
Trog
Uskayaw
Vehumet
Wu Jian
Xom
Yredelemnul
Zin
The Shining One

Shops:
D:5 (   D:7 *

Annotations:
D:4 Crazy Yiuf
D:6 Edmund, Sigmund


Innate Abilities, Weirdness & Mutations

You cannot wear armour.
You are incapable of wielding weapons or throwing items.
Your paws allow you to move quietly. (Stealth)
You have sharp claws.
You have razor-sharp teeth.
You have supernaturally acute eyesight. (SInv)
You are carnivorous and can eat meat at any time.
You cover ground quickly.
You are covered in thick fur. (AC +2)
You have a slow metabolism.
Your sharp claws are effective at attacking unaware monsters.
You can translocate small distances at will.
Your spells are a little harder to cast, but a little more powerful.


Message History

Confirm with . or Enter, or press ? or * to list all spells.
Aiming: Freeze
Press: ? - help, Shift-Dir - straight line, f - orc knight
Aim: an orc knight, wielding a war axe and wearing a plate armour You freeze the orc knight.
The orc knight is lightly wounded.
The orc knight hits you with a war axe!!
Ouch! That really hurt!
* * * LOW HITPOINT WARNING * * *
Okay, then.
Casting: Freeze
Confirm with . or Enter, or press ? or * to list all spells.
Okay, then.
Casting: Freeze
Confirm with . or Enter, or press ? or * to list all spells.
A film of ice covers your body!
You feel better.
The orc knight hits you with a war axe!!
Ouch! That really hurt!
You die...

#############.
####.............
##........o).#
##........o#'##
#.....⌠..@.#..#
#.......###o.# ####...)†#
..### ≈≈#..).()###...g ...
.# ≈≈≈≈≈≈.((.(#..####'####
.#
≈≈≈≈≈≈≈≈≈≈(####..g.g..####
##....≈≈≈≈≈≈≈∩#.KK....#∩≈≈
##......≈≈≈≈≈#########≈≈≈
##.....((≈≈≈≈≈≈≈≈≈≈≈≈≈≈#


You could see an orc knight and an orc warrior.

Vanquished Creatures
  Pikel (D:4)
  Purgy (D:4)
  An ice beast (D:4)
  A centaur (D:5)
  A big kobold (Sewer)
  2 howler monkeys (D:4)
  A crimson imp (D:5)
  A bullfrog zombie (D:5)
  A jelly (D:5)
  A hound (D:7)
  2 orc wizards
  Ijyb (D:4)
  Natasha (thrice) (D:3)
  An iguana (D:7)
  2 worker ants
  2 gnolls (Bailey)
  A worker ant zombie (D:5)
  8 adders
  A river rat (Sewer)
  2 oozes
  An adder skeleton (D:4)
  A worm (D:3)
  A dart slug (D:5)
  9 leopard geckos
  10 orcs
  4 bats (D:1)
  3 giant cockroaches
  7 goblins
  7 hobgoblins
  8 jackals
  16 kobolds
  2 quokkas
  A ball python (D:1)
  2 frilled lizards
  A giant cockroach zombie (D:6)
  A jackal zombie (D:7)
  A leopard gecko skeleton (D:4)
  10 rats
119 creatures vanquished.

Vanquished Creatures (others)
  3 slaves (D:4)
  An orc (D:4)
  A ball python (D:4)
  A quokka (D:4)
6 creatures vanquished.

Grand Total: 125 creatures vanquished

Notes
Turn   | Place    | Note
-------+----------+-------------------------------------------
     0 | D:1      | inc the Felid Ice Elementalist began the quest for the Orb.
     0 | D:1      | Reached XP level 1. HP: 7/7 MP: 4/4
   289 | D:1      | Found a glowing golden altar of the Shining One.
   319 | D:1      | Reached XP level 2. HP: 11/11 MP: 4/6
  1219 | D:2      | Reached XP level 3. HP: 14/14 MP: 3/7
  1317 | D:2      | Learned a level 3 spell: Ozocubu's Armour
  1363 | D:2      | Noticed a centaur
  1487 | D:3      | Reached skill level 1 in Charms
  1774 | D:3      | Reached skill level 2 in Charms
  1784 | D:3      | Found a glowing drain.
  1792 | D:3      | Reached XP level 4. HP: 11/18 MP: 1/8
  1802 | Sewer    | Entered a sewer
  1828 | Sewer    | Gained mutation: You can translocate small distances at will. [potion of mutation]
  1828 | Sewer    | Gained mutation: Your spells are a little harder to cast, but a little more powerful. [potion of mutation]
  1828 | Sewer    | Gained mutation: You are clumsy. (Dex -2) [potion of mutation]
  1828 | Sewer    | Lost mutation: You are clumsy. (Dex -2) [potion of mutation]
  1830 | Sewer    | Reached skill level 1 in Unarmed Combat
  1937 | Sewer    | Noticed a big kobold
  2004 | Sewer    | Slain by a big kobold
  2005 | Sewer    | Reached XP level 3. HP: 0/14 MP: 1/7
  2080 | Sewer    | Killed a big kobold
  2080 | Sewer    | Reached XP level 4. HP: 18/18 MP: 2/8
  2142 | Sewer    | Found a white marble altar of Elyvilon.
  2360 | D:3      | Noticed Natasha
  2369 | D:3      | Killed Natasha
  2369 | D:3      | Reached XP level 5. HP: 16/21 MP: 1/9
  2506 | D:3      | Noticed Natasha
  2519 | D:3      | Killed Natasha
  2641 | D:3      | Noticed Natasha
  2728 | D:3      | Killed Natasha
  2728 | D:3      | Reached skill level 3 in Charms
  3076 | D:4      | Noticed Ijyb
  3243 | D:4      | Noticed Pikel
  3243 | D:4      | Noticed a slave
  3244 | D:4      | Noticed a slave
  3258 | D:4      | Noticed a slave
  3260 | D:4      | Noticed a slave
  3278 | D:4      | Killed Pikel
  3278 | D:4      | Reached skill level 7 in Charms
  3278 | D:4      | Gained mutation: You are covered in thick fur. (AC +2) [Felid growth]
  3278 | D:4      | Reached XP level 6. HP: 23/24 MP: 4/10
  3278 | D:4      | Reached XP level 7. HP: 25/27 MP: 4/11
  3349 | D:4      | Paralysed by Ijyb for 3 turns
  3358 | D:4      | Killed Ijyb
  3368 | D:4      | Reached skill level 8 in Charms
  3608 | D:4      | Noticed Purgy
  3878 | D:4      | Found a runed door.
  3980 | D:4      | Killed Purgy
  4271 | D:4      | Noticed Crazy Yiuf
  4276 | D:4      | Slain by Crazy Yiuf
  4277 | D:4      | Reached XP level 6. HP: -2/24 MP: 5/10
  4288 | D:5      | Entered Level 5 of the Dungeon
  4288 | D:5      | Noticed an ice beast
  4310 | D:4      | Killed an ice beast
  4310 | D:4      | Reached skill level 9 in Charms
  4310 | D:4      | Reached XP level 7. HP: 27/27 MP: 9/11
  4377 | D:5      | Found a staircase to the Ecumenical Temple.
  4382 | D:5      | Found a shadowy altar of Dithmenos.
  4390 | D:5      | Found an iron altar of Okawaru.
  4415 | Temple   | Entered the Ecumenical Temple
  4578 | Temple   | Became a worshipper of Vehumet
  4706 | D:5      | Found a stormy altar of Qazlal.
  4706 | D:5      | Found an ornate altar of the Wu Jian Council.
  4711 | D:5      | Found a glowing silver altar of Zin.
  4713 | D:5      | Found an opulent altar of Gozag.
  4714 | D:5      | Found a deep blue altar of Sif Muna.
  4856 | D:5      | Found Amaickut's Antique Weapon Emporium.
  5741 | D:6      | Noticed Sigmund
  5877 | D:6      | Learned a level 4 spell: Ice Form
  5882 | D:6      | Noticed a gargoyle
  5913 | D:6      | Noticed Edmund
  5914 | D:7      | Found Pekhom's Elemental Accessories.
  5952 | D:7      | Reached skill level 1 in Transmutations
  6237 | D:7      | Found a flagged portal.
  6246 | Bailey   | Entered a bailey
  6341 | Bailey   | Noticed an orc knight
  6343 | Bailey   | Noticed an orc knight
  6356 | Bailey   | Learned a level 2 spell: Throw Frost
  7194 | Bailey   | Slain by an orc knight

Skill      XL: |  1  2  3  4  5  6  7 |
---------------+----------------------+-----
Ice Magic      | 3 4 |  4.0
Charms         | 2 7 9 8 |  9.4
Unarmed Combat | 3 1 |  3.7
Spellcasting   | 3 |  3.4
Transmutations | 3 |  3.0
Dodging        | |  2.6
Stealth        | |  2.6
Conjurations   | |  0.8

Action                   |  1- 3 |  4- 6 |  7- 9 || total
-------------------------+-------+-------+-------++-------
Melee: Unarmed           |    29 |    86 |    74 ||   189
       Bite              |     3 |     5 |     5 ||    13
       Punch             |       |     3 |       ||     3
 Cast: Freeze            |    54 |    37 |    77 ||   168
       Ozocubu's Armour  |     3 |     6 |    20 ||    29
       Throw Frost       |       |       |    33 ||    33
  Use: Potion            |     2 |     3 |     3 ||     8
       Scroll            |     1 |       |     1 ||     2
 Stab: Sleeping          |     8 |     4 |    10 ||    22
  Eat: Chunk             |       |     8 |       ||     8
       Ration            |       |       |     4 ||     4
Armor: Skin              |    12 |    16 |    47 ||    75
Dodge: Dodged            |    57 |    89 |   188 ||   334
